[Event "Team 45 45 League T60"]
[Site "Internet Chess Club"]
[Date "2014.04.27"]
[Round "9"]
[White "lacibacsi"]
[Black "lemorgado"]
[Result "0-1"]
[WhiteElo "1983"]
[BlackElo "1998"]
[Opening "Caro-Kann: classical variation"]
[ECO "B18"]
[Time "16:02:32"]
[TimeControl "2700+45"]

1. e4 c6 2. d4 d5 3. Nc3 dxe4 4. Nxe4 Bf5 5. Ng3 Bg6 6. N1e2 e6 7. Nf4 Bd6 8. c3
Qc7 9. Qf3 Nf6 10. h4 Nd5 11. Nxd5 cxd5 12. h5 Bc2 13. Bb5+ Nc6 14. Kd2 Bxg3 15.
Kxc2 Bd6 16. h6 g6 17. Bg5 Be7 18. Bf6 Bxf6 19. Qxf6 Rg8 20. g4 Qe7 21. Qf4
O-O-O 22. g5 Rgf8 23. Rae1 f6 24. Qg4 fxg5 25. Rxe6 Qd7 26. Bxc6 Rxf2+ 27. Kc1
bxc6 28. Rhe1 Rf6 29. Qe2 Rxe6 30. Qxe6 Qxe6 31. Rxe6 Kd7 32. Rf6 Re8 33. Kd2
Re6 34. Rf7+ Re7 35. Rf2 Re4 36. Rf7+ Re7 37. Rf2 Re4 38. Kd3 Ke7 39. c4 Rh4 40.
cxd5 cxd5 41. Rg2 Rxh6 42. Rxg5 Kd6 43. Rg3 Rh1 44. Kc3 Rc1+ 45. Kb4 Rc7 46. b3
Rb7+ 47. Ka5 Rg7 48. b4 h5 49. Rg5 h4 50. b5 Ke6 51. Ka6 Kf6 52. Rxd5 h3 53. Rc5
h2 54. Rc6+ Kf5 55. Rc1 g5 56. Rh1 Rh7 57. a4 g4 58. Rxh2 Rxh2 59. Kxa7 g3 60.
a5 g2 61. b6 g1=Q 62. b7 Qxd4+ {White resigns} 0-1

[Event "Team 45 45 League T60"]
[Site "Internet Chess Club"]
[Date "2014.04.27"]
[Round "9"]
[White "Agarnez"]
[Black "Tobiasdelmonte"]
[Result "1-0"]
[WhiteElo "1993"]
[BlackElo "1839"]
[Opening "Queen's pawn: Yusupov-Rubinstein system"]
[ECO "A46"]
[Time "15:00:15"]
[TimeControl "2700+45"]

1. d4 Nf6 2. Nf3 e6 3. e3 b6 4. Bd3 Bb7 5. Nbd2 d5 6. a3 Bd6 7. b3 O-O 8. Bb2
Nbd7 9. O-O c5 10. Ne5 Qc7 11. f4 Rac8 12. Qe2 Rfe8 13. Rac1 a5 14. g4 Nf8 15.
g5 Bxe5 16. fxe5 N6d7 17. Qh5 Re7 18. Rf2 c4 19. bxc4 dxc4 20. Bxc4 Qc6 21. e4
b5 22. Ba2 Qb6 23. d5 exd5 24. exd5 Nxe5 25. Bxe5 Rxe5 26. Qxf7+ Kh8 27. Kf1 Ng6
28. Nf3 Rf8 29. Qxf8+ Nxf8 30. Nxe5 Ng6 31. d6 Qe3 32. Re1 Qh3+ 33. Kg1 Bc6 34.
Nxc6 h6 35. Re8+ Nf8 36. Rexf8+ Kh7 37. Ne5 hxg5 38. Bg8+ Kh6 39. Be6 {Black
resigns} 1-0

[Event "Team 45 45 League T60"]
[Site "Internet Chess Club"]
[Date "2014.04.27"]
[Round "9"]
[White "FourKnights"]
[Black "Manas"]
[Result "0-1"]
[WhiteElo "1749"]
[BlackElo "1820"]
[Opening "Queen's pawn: Keres defense"]
[ECO "A40"]
[Time "19:02:09"]
[TimeControl "2700+45"]

1. d4 e6 2. c4 b6 3. Nf3 Bb7 4. a3 Bxf3 5. exf3 d5 6. Nc3 Nf6 7. Bg5 Be7 8. Bd3
Nbd7 9. O-O dxc4 10. Bxc4 c6 11. Be2 Rc8 12. Ne4 O-O 13. Ba6 Rb8 14. Bf4 b5 15.
Bxb8 Nxb8 16. Bb7 Qc7 17. Ba8 Nbd7 18. Bxc6 Qxc6 19. Rc1 Qb7 20. Nc5 Nxc5 21.
dxc5 Nd5 22. b4 Rc8 23. Qb3 Qc7 24. Qd3 Rb8 25. Rfd1 a5 26. Qb3 axb4 27. axb4
Qf4 28. Rb1 Qc4 29. Qxc4 bxc4 30. Rd4 Nc3 31. Rb2 Na4 32. Rb1 c3 33. Kf1 Bf6 34.
Re4 Nxc5 35. Rc4 Nd3 36. Rb3 Nb2 37. Rc6 Rd8 38. b5 Kf8 39. b6 Rd1+ 40. Ke2 Rd2+
41. Ke3 Bd4+ 42. Kf4 Nd3+ 43. Kg3 Be5+ 44. Kh4 Rxf2 45. b7 Rxg2 46. b8=Q+ Bxb8
47. Rxb8+ Ke7 48. Rxc3 Nf4 49. Rc5 Ng6+ 50. Kh3 Nf4+ 51. Kh4 h6 52. Rbb5 g5+ 53.
Rxg5 hxg5+ 54. Rxg5 Rxh2+ 55. Kg3 Kf6 56. Rg8 Rg2+ 57. Kxf4 Rxg8 {White resigns}
0-1

[Event "Team 45 45 League T60"]
[Site "Internet Chess Club"]
[Date "2014.04.25"]
[Round "9"]
[White "WillC"]
[Black "fireball"]
[Result "1-0"]
[WhiteElo "1706"]
[BlackElo "1741"]
[Opening "Réti: Nimzovich-Larsen attack"]
[ECO "A06"]
[Time "18:01:10"]
[TimeControl "2700+45"]

1. Nf3 d5 2. b3 Nf6 3. Bb2 Bg4 4. e3 Nbd7 5. d4 e6 6. Be2 Be7 7. Nbd2 O-O 8. O-O
c5 9. c4 Rc8 10. Rc1 Qc7 11. cxd5 Nxd5 12. e4 Nb4 13. a3 Nc6 14. dxc5 Qf4 15. b4
a5 16. Qb3 axb4 17. axb4 Nf6 18. e5 Nd5 19. Rc4 Qf5 20. Nh4 Bxh4 21. Bxg4 Qg6
22. Bf3 Bg5 23. Ne4 Be7 24. Nd6 Rc7 25. Rg4 Qh6 26. Bc1 g5 27. Bxd5 exd5 28. Nf5
Qe6 29. Nxe7+ Nxe7 30. Rxg5+ Kh8 31. f4 Rg8 32. Qg3 Rxg5 33. Qxg5 Qg6 34. Qh4
Nf5 35. Qd8+ Kg7 36. Qxc7 Nh4 37. g3 Nf5 38. e6 Qxe6 39. Qe5+ Kg6 40. Qxe6+ fxe6
41. Re1 Kf7 42. Bb2 h5 43. Re5 Ke7 44. Rxf5 exf5 45. Be5 Kd7 46. Kf2 Kc6 47. Ke3
Kb5 48. Bc3 Kc4 49. Bd2 d4+ 50. Kf2 Kd5 51. Kf3 Kc4 52. h3 Kd3 53. Be1 Kc2 54.
b5 d3 55. Ke3 {Black resigns} 1-0

[Event "Team 45 45 League T60"]
[Site "Internet Chess Club"]
[Date "2014.04.26"]
[Round "9"]
[White "fledermaus"]
[Black "Otelo"]
[Result "1-0"]
[WhiteElo "1921"]
[BlackElo "1845"]
[Opening "King's Indian: Kazakh variation"]
[ECO "E91"]
[Time "17:04:17"]
[TimeControl "2700+45"]

1. d4 Nf6 2. c4 g6 3. Nc3 Bg7 4. e4 d6 5. Nf3 O-O 6. Be2 Na6 7. O-O e5 8. dxe5
dxe5 9. Be3 c6 10. Rb1 Qe7 11. a3 Ng4 12. Bg5 Qc7 13. h3 Nf6 14. b4 Be6 15. Qa4
Nh5 16. Rfc1 f5 17. Be3 f4 18. Bd2 Nf6 19. Ng5 Bd7 20. c5 h6 21. Qb3+ Kh8 22.
Ne6 Bxe6 23. Qxe6 Rad8 24. Rd1 g5 25. Be1 Nb8 26. Rxd8 Rxd8 27. Rd1 Rxd1 28.
Nxd1 Nbd7 29. Qc4 Nf8 30. Bc3 Ng6 31. Qe6 Nf8 32. Qf5 N8d7 33. Nb2 a5 34. Nc4
axb4 35. axb4 Ne8 36. Bh5 Ndf6 37. Bxe8 Nxe8 38. Bxe5 Qe7 39. Bxg7+ Nxg7 40. Qe5
Qxe5 41. Nxe5 Ne6 42. Nf7+ Kg7 43. Nd6 Nd4 44. Nxb7 Nc2 45. b5 Nb4 46. b6 Na6
47. Na5 Nxc5 48. b7 Nxb7 49. Nxb7 Kf6 50. f3 Ke5 51. Kf2 Kd4 52. Ke2 c5 53. Nxc5
Kxc5 54. Kd3 h5 55. Kc3 Kd6 56. Kd4 Ke6 57. Kc4 Ke5 58. Kd3 Kd6 59. Kd4 Ke6 60.
e5 Kf5 61. Kd5 g4 62. e6 {Black resigns} 1-0

[Event "Team 45 45 League T60"]
[Site "Internet Chess Club"]
[Date "2014.04.26"]
[Round "9"]
[White "justice02"]
[Black "jonesey"]
[Result "0-1"]
[WhiteElo "1761"]
[BlackElo "1991"]
[Opening "Scotch: Schmidt variation"]
[ECO "C45"]
[Time "11:01:07"]
[TimeControl "2700+45"]

1. e4 e5 2. Nf3 Nc6 3. d4 exd4 4. Nxd4 Nf6 5. Nxc6 bxc6 6. Bd3 d5 7. e5 Ng4 8.
Bf4 Bc5 9. O-O Qe7 10. h3 g5 11. hxg4 gxf4 12. Nd2 Rg8 13. e6 Bxe6 14. Nb3 Bb6
15. a4 a5 16. Be2 Qh4 17. Nd4 Rg6 18. g5 Qxg5 19. Bf3 Qh4 20. Nxe6 Rh6 21. Bh5
Rxe6 22. Bg4 Rg6 23. Bf5 Rg5 24. Qd3 Rg3 25. Rae1+ Kf8 26. Qe2 f3 27. Qxf3 Rxf3
28. gxf3 Qg3+ {White resigns} 0-1

[Event "Team 45 45 League T60"]
[Site "Internet Chess Club"]
[Date "2014.04.27"]
[Round "9"]
[White "RubberDuck"]
[Black "MBAStudent"]
[Result "1-0"]
[WhiteElo "1925"]
[BlackElo "1728"]
[Opening "French: Tarrasch, closed variation"]
[ECO "C05"]
[Time "12:31:00"]
[TimeControl "2700+45"]

1. e4 e6 2. d4 d5 3. Nd2 Nf6 4. e5 Nfd7 5. f4 c5 6. c3 Nc6 7. Ngf3 Be7 8. Bd3
Qb6 9. dxc5 Nxc5 10. Bc2 O-O 11. Nb3 Nxb3 12. axb3 Bd7 13. Qd3 g6 14. Be3 Qc7
15. h4 Rfd8 16. h5 Be8 17. O-O-O Rac8 18. hxg6 fxg6 19. Rh2 d4 20. Rdh1 dxe3 21.
Rxh7 Bf8 22. Rh8+ Kf7 23. R1h7+ {Black resigns} 1-0

[Event "Team 45 45 League T60"]
[Site "Internet Chess Club"]
[Date "2014.04.24"]
[Round "9"]
[White "wildkingdumb"]
[Black "gcl"]
[Result "1-0"]
[WhiteElo "1821"]
[BlackElo "1698"]
[Opening "Ruy Lopez: Cozio defense deferred"]
[ECO "C70"]
[Time "17:00:06"]
[TimeControl "2700+45"]

1. e4 e5 2. Nf3 Nc6 3. Bb5 a6 4. Ba4 Nge7 5. Nc3 g6 6. d4 exd4 7. Nd5 Bg7 8. Bg5
h6 9. Bf6 Bxf6 10. Nxf6+ Kf8 11. Nxd4 Kg7 12. Qd2 Kxf6 13. Qc3 Ne5 14. f4 Kg7
15. fxe5 Kh7 16. O-O Rf8 17. Rad1 Qe8 18. e6 b5 19. exf7 Rxf7 20. Rxf7+ Qxf7 21.
Bb3 d5 22. Rf1 Qg7 23. Kh1 c6 24. Qc5 Bb7 25. Ne6 {Black resigns} 1-0

[Event "Team 45 45 League T60"]
[Site "Internet Chess Club"]
[Date "2014.04.27"]
[Round "9"]
[White "NFork"]
[Black "Pomberito"]
[Result "1/2-1/2"]
[WhiteElo "2141"]
[BlackElo "2165"]
[Opening "English: Neo-Catalan declined"]
[ECO "E06"]
[Time "15:08:57"]
[TimeControl "2700+45"]

1. c4 e6 2. g3 Nf6 3. Bg2 d5 4. Nf3 Be7 5. O-O O-O 6. d4 dxc4 7. Na3 Bxa3 8.
bxa3 b5 9. a4 a6 10. Ba3 Re8 11. Ne5 Nd5 12. Qc1 Bb7 13. Rb1 Nc6 14. Rd1 Nxe5
15. dxe5 Qc8 16. axb5 axb5 17. Rxb5 Ra4 18. e4 Nb6 19. Bc5 Rxa2 20. Bxb6 cxb6
21. Qb1 Ra6 {Game drawn by mutual agreement} 1/2-1/2

[Event "Team 45 45 League T60"]
[Site "Internet Chess Club"]
[Date "2014.04.27"]
[Round "9"]
[White "Ianjo"]
[Black "SlimeDog2"]
[Result "1-0"]
[WhiteElo "1956"]
[BlackElo "1985"]
[Opening "Grünfeld defense"]
[ECO "D80"]
[Time "17:29:38"]
[TimeControl "2700+45"]

1. d4 Nf6 2. c4 g6 3. Nc3 d5 4. h4 c5 5. cxd5 Nxd5 6. h5 Bg7 7. hxg6 hxg6 8.
Rxh8+ Bxh8 9. e3 Nc6 10. Nf3 cxd4 11. exd4 Bf5 12. Be3 Qa5 13. Qb3 Ndb4 14. Rc1
Be6 15. d5 Bxc3+ 16. bxc3 Nxd5 17. Qxb7 Rc8 18. Bb5 Qc7 19. Qxa7 Nxe3 20. Qxe3
Qa5 21. Qe5 Qxa2 22. Bxc6+ Rxc6 23. Qh8+ Kd7 24. Ne5+ Kc7 25. Nxc6 Kxc6 26. Qe8+
Kd5 27. Qxe7 Qb2 28. Rd1+ Kc4 29. Qc7+ Kb3 30. Qb6+ {Black resigns} 1-0

[Event "Team 45 45 League T60"]
[Site "Internet Chess Club"]
[Date "2014.04.27"]
[Round "9"]
[White "cysk"]
[Black "LuxAeterna"]
[Result "0-1"]
[WhiteElo "1764"]
[BlackElo "2118"]
[Opening "Caro-Kann: advance variation"]
[ECO "B12"]
[Time "22:26:11"]
[TimeControl "2700+45"]

1. e4 c6 2. d4 d5 3. e5 Bf5 4. h4 h5 5. Bd3 Bxd3 6. Qxd3 e6 7. Nf3 c5 8. Qb5+
Qd7 9. Qxd7+ Nxd7 10. Nc3 cxd4 11. Nb5 Rc8 12. Nbxd4 Bb4+ 13. Bd2 Bc5 14. Bc3
Ne7 15. O-O-O Ng6 16. Rhe1 O-O 17. g3 a5 18. Kb1 a4 19. Re2 a3 20. b3 Ra8 21.
Nb5 Rfc8 22. Bd4 Bf8 23. Nh2 Ra5 24. Nd6 Bxd6 25. exd6 Rc6 26. f4 Rxd6 27. Nf3
Raa6 28. Rc1 Rdc6 29. Re3 Ne7 30. Ne5 Nxe5 31. Bxe5 Nf5 32. Rd3 Rc8 33. Bc3 Nd6
34. Bb4 Ne4 35. f5 exf5 36. Rxd5 Nxg3 37. Rcd1 f4 38. R1d3 Re8 39. Bd2 Rf6 40.
Rf3 Re4 41. Ra5 Rd6 42. Bc1 Rd1 43. Rxa3 Ne2 {White resigns} 0-1

[Event "Team 45 45 League T60"]
[Site "Internet Chess Club"]
[Date "2014.04.25"]
[Round "9"]
[White "Heian"]
[Black "Portola"]
[Result "0-1"]
[WhiteElo "1841"]
[BlackElo "1833"]
[Opening "French: advance, Milner-Barry gambit"]
[ECO "C02"]
[Time "19:02:08"]
[TimeControl "2700+45"]

1. e4 e6 2. d4 d5 3. e5 c5 4. c3 Nc6 5. Nf3 Qb6 6. Bd3 Nge7 7. O-O Ng6 8. dxc5
Bxc5 9. b4 Be7 10. Be3 Qc7 11. a4 Ncxe5 12. Nxe5 Nxe5 13. Bf4 Bd6 14. Na3 a6 15.
Rc1 Nxd3 16. Bxd6 Qxd6 17. Qxd3 Qe7 18. a5 O-O 19. Rfe1 Bd7 20. Qxd5 Bc6 21. Qh5
Rad8 22. Re3 Rd5 23. Qe2 Qg5 24. g3 Rfd8 25. Nb1 Ba4 26. Re1 Rd1 27. f4 Qf5 28.
Qb2 Bc6 29. Re5 Rxe1+ 30. Rxe1 Qd5 31. Qe2 Qh1+ 32. Kf2 Qxh2+ 33. Kf1 Qxg3 34.
f5 Qh3+ 35. Kg1 Rd3 36. Rf1 Qg3+ {White resigns} 0-1

[Event "Team 45 45 League T60"]
[Site "Internet Chess Club"]
[Date "2014.04.26"]
[Round "9"]
[White "eknuds01"]
[Black "Stiltzkin"]
[Result "0-1"]
[WhiteElo "1617"]
[BlackElo "1791"]
[Opening "Catalan: open, 5.Qa4"]
[ECO "E02"]
[Time "12:06:15"]
[TimeControl "2700+45"]

1. c4 Nf6 2. g3 e6 3. Bg2 d5 4. d4 dxc4 5. Qa4+ Nbd7 6. Nf3 a6 7. Qxc4 b5 8. Qc2
Bb7 9. O-O c5 10. dxc5 Bxc5 11. Bg5 Rc8 12. Qd2 Qb6 13. Nc3 Ng4 14. Qe1 O-O 15.
h3 Nge5 16. Nxe5 Nxe5 17. Ne4 Bd4 18. Rb1 Rc2 19. Bc1 Bd5 20. Qd1 Rfc8 21. e3
Bxa2 22. exd4 Bxb1 23. Be3 Nc4 24. Qxb1 Rxb2 25. Qd3 Nxe3 26. fxe3 Rcc2 27. Rf2
Qc7 28. Rxc2 Qxc2 29. Qxc2 Rxc2 30. Kf1 b4 31. Nc5 a5 32. Bc6 b3 33. Nxb3 Rxc6
34. Nxa5 Rc2 35. Nb3 Kf8 36. Nc5 Ke7 37. Ne4 h6 38. Nf2 Kd6 39. Kg2 e5 40. dxe5+
Kxe5 41. Kf3 Rc3 42. Ng4+ Kd5 43. Nf2 f5 44. Ke2 g5 45. g4 f4 46. exf4 gxf4 47.
Nd3 f3+ 48. Kd2 Kd4 49. Nf2 Re3 {White resigns} 0-1

[Event "Team 45 45 League T60"]
[Site "Internet Chess Club"]
[Date "2014.04.29"]
[Round "9"]
[White "pokerram"]
[Black "Packerfan"]
[Result "0-1"]
[WhiteElo "1633"]
[BlackElo "1808"]
[Opening "Ruy Lopez: Schliemann defense"]
[ECO "C63"]
[Time "14:30:07"]
[TimeControl "2700+45"]

1. e4 e5 2. Nf3 Nc6 3. Bb5 f5 4. d3 Nf6 5. O-O Bc5 6. Bxc6 dxc6 7. Nxe5 O-O 8.
c3 fxe4 9. d4 Bb6 10. Bg5 Qe8 11. Bxf6 Rxf6 12. Qe2 c5 13. Qxe4 cxd4 14. cxd4
Rd6 15. f4 Rxd4 16. Qe1 Rd1+ 17. Kh1 Rxe1 18. Rxe1 Bf5 19. Nc3 Qh5 20. Ne2 Bf2
21. Rad1 Bxe1 22. Rxe1 Qh4 23. Nf3 Qf6 24. Ng3 Rd8 25. Ne5 Bc8 26. Ne2 b6 27. h3
Ba6 28. Ng4 Qe7 29. Ne5 Bxe2 30. Rxe2 Rd1+ 31. Kh2 c5 32. Rf2 b5 33. g4 Qb7 34.
Kg3 Rg1+ 35. Kh4 Qe7+ 36. g5 h6 37. Nf3 hxg5+ 38. fxg5 Qe4+ {White resigns} 0-1

[Event "Team 45 45 League T60"]
[Site "Internet Chess Club"]
[Date "2014.04.27"]
[Round "9"]
[White "tryanything"]
[Black "DaveTheRook"]
[Result "1/2-1/2"]
[WhiteElo "1645"]
[BlackElo "1625"]
[Opening "King's pawn opening"]
[ECO "B07"]
[Time "19:30:43"]
[TimeControl "2700+45"]

1. e4 d6 2. d4 g6 3. f4 Bg7 4. Nf3 Nd7 5. Bc4 c6 6. c3 Ngf6 7. Qe2 b5 8. Bd3 O-O
9. O-O Re8 10. Be3 Ng4 11. h3 Nxe3 12. Qxe3 e5 13. fxe5 dxe5 14. dxe5 Nxe5 15.
Nxe5 Rxe5 16. Qf3 Qe7 17. Nd2 Be6 18. Nb3 Rf8 19. Nd4 Qc5 20. Kh1 Bd7 21. Qd1
Re7 22. Nf3 Be6 23. Qc2 a6 24. Rac1 Qd6 25. b3 Rd8 26. Be2 Qg3 27. Rcd1 Red7 28.
Rxd7 Rxd7 29. Rd1 Rxd1+ 30. Bxd1 Qd6 31. Be2 Bf6 32. e5 Bxe5 33. Nxe5 Qxe5 34.
c4 Bf5 35. Qd2 Qe7 {Game drawn by mutual agreement} 1/2-1/2

[Event "Team 45 45 League T60"]
[Site "Internet Chess Club"]
[Date "2014.04.29"]
[Round "9"]
[White "nanning"]
[Black "clarinetref"]
[Result "0-1"]
[WhiteElo "1592"]
[BlackElo "1596"]
[Opening "Queen's gambit accepted"]
[ECO "D26"]
[Time "10:07:42"]
[TimeControl "2700+45"]

1. d4 d5 2. c4 dxc4 3. e3 e6 4. Bxc4 Nf6 5. Nf3 Be7 6. Nc3 a6 7. a4 O-O 8. O-O
b6 9. Qc2 Nc6 10. Na2 Nd5 11. Bd2 Bb7 12. Rfc1 Ncb4 13. Nxb4 Nxb4 14. Bxb4 Bxb4
15. Bd3 Bxf3 16. gxf3 Qg5+ 17. Kh1 Qh5 18. Qe2 Bd6 19. f4 Qh3 20. Rg1 f5 21. Rg3
Qh6 22. Qf3 Rae8 23. Rag1 Re7 24. Rh3 Qf6 25. Bxa6 c5 26. Qh5 g6 27. dxc5 Bxc5
28. Bc4 Kh8 29. Qh6 Rg8 30. b3 Rgg7 31. Rhg3 Bd6 32. h4 e5 33. h5 Qh4+ 34. Kg2
exf4 35. Rh1 f3+ 36. Kg1 Qe4 37. Rxg6 Qb1+ 38. Bf1 Kg8 39. Rh4 hxg6 40. hxg6
Rxg6+ 41. Qxg6+ Rg7 42. Rh6 Rxg6+ 43. Rxg6+ Kf7 44. Rxd6 Qxb3 45. Rd4 Kf6 46.
Bb5 Qg8+ 47. Kf1 Qg2+ 48. Ke1 Qg1+ 49. Bf1 Ke5 50. Rb4 Qg6 51. Rb5+ Ke4 52. Bh3
Qg1+ 53. Bf1 Qg7 54. Rb4+ Ke5 55. Rb5+ Kd6 56. Rxb6+ Kc7 57. Rb1 Qc3+ 58. Kd1
Qa3 59. Bb5 Kd6 60. Rc1 Qb3+ 61. Rc2 Ke5 62. Kd2 Qb4+ 63. Kd1 Qh4 64. Rc5+ Kf6
65. Rc6+ Kg5 66. Ke1 Qh1+ 67. Bf1 Qh4 68. Rc4 Qh8 69. Rc1 Qb2 70. Rd1 Qb4+ 71.
Rd2 Qxa4 72. Rd4 Qa1+ 73. Rd1 Qc3+ 74. Rd2 Kf6 75. Bh3 Ke5 76. Kd1 Qa1+ 77. Kc2
Qh1 78. Bxf5 Kxf5 79. Rd5+ Ke6 80. Rd4 Qe1 81. Re4+ Kf5 82. Rf4+ Ke5 83. Rxf3
Qe2+ 84. Kc3 {White resigns} 0-1

[Event "Team 45 45 League T60"]
[Site "Internet Chess Club"]
[Date "2014.04.27"]
[Round "9"]
[White "anna"]
[Black "Betablinx"]
[Result "0-1"]
[WhiteElo "1784"]
[BlackElo "1883"]
[Opening "Caro-Kann: Steinitz variation"]
[ECO "B17"]
[Time "15:00:08"]
[TimeControl "2700+45"]

1. e4 c6 2. d4 d5 3. Nc3 dxe4 4. Nxe4 Nd7 5. Nf3 Ngf6 6. Nxf6+ Nxf6 7. Bd3 Bg4
8. c3 e6 9. h3 Bh5 10. Bf4 Bd6 11. Bxd6 Qxd6 12. Be2 O-O 13. Ne5 Bxe2 14. Qxe2
c5 15. Rd1 cxd4 16. Rxd4 Qb6 17. O-O Rad8 18. Rfd1 Rxd4 19. Rxd4 Rd8 20. Rxd8+
Qxd8 21. Qd3 Qc7 22. Qd4 a6 23. c4 Kf8 24. c5 Ke7 25. b4 Ne8 26. Nc4 f6 27. Nb6
g6 28. Qe4 Qc6 29. Qxc6 bxc6 30. Nc4 Nc7 31. Ne3 Nd5 32. Nxd5+ cxd5 33. Kf1 Kd7
34. Ke2 Kc6 35. a4 a5 36. bxa5 Kxc5 37. Kd3 e5 38. f3 Kc6 39. Kc3 f5 40. Kd3 e4+
41. Kd4 Kb7 42. f4 Ka6 43. g4 Kxa5 44. gxf5 gxf5 45. Kxd5 e3 46. Ke5 e2 47. Kxf5
e1=Q 48. Kg5 Qe7+ 49. Kg4 Kxa4 50. f5 Kb5 51. Kh5 Kc5 52. h4 Kd5 {White resigns}
0-1

[Event "Team 45 45 League T60"]
[Site "Internet Chess Club"]
[Date "2014.04.27"]
[Round "9"]
[White "crazyhorses"]
[Black "ausya"]
[Result "0-1"]
[WhiteElo "1395"]
[BlackElo "1854"]
[Opening "Sicilian: Hungarian variation"]
[ECO "B27"]
[Time "09:30:21"]
[TimeControl "2700+45"]

1. e4 c5 2. Nf3 g6 3. c3 Bg7 4. d4 cxd4 5. cxd4 d5 6. Bb5+ Bd7 7. Bxd7+ Nxd7 8.
e5 f6 9. Qa4 e6 10. b3 Ne7 11. Ba3 O-O 12. Bd6 fxe5 13. Nxe5 Nxe5 14. Bxe5 Bxe5
15. dxe5 Qc7 16. O-O Qxe5 17. Nd2 Nc6 18. Rae1 Qd6 19. Qg4 e5 20. g3 Rae8 21. h4
Qb4 22. Nf3 Qxg4 {White resigns} 0-1

[Event "Team 45 45 League T60"]
[Site "Internet Chess Club"]
[Date "2014.04.28"]
[Round "9"]
[White "vjbaker"]
[Black "caglar"]
[Result "1-0"]
[WhiteElo "1726"]
[BlackElo "1603"]
[Opening "Ruy Lopez: exchange variation, 5.O-O"]
[ECO "C68"]
[Time "16:30:13"]
[TimeControl "2700+45"]

1. e4 e5 2. Nf3 Nc6 3. Bb5 a6 4. Bxc6 dxc6 5. O-O Qf6 6. d4 exd4 7. Bg5 Qd6 8.
e5 Qg6 9. Qxd4 Bd7 10. Rd1 Qe6 11. Qc3 Be7 12. Nbd2 O-O-O 13. Ne4 Bxg5 14. Nfxg5
Qf5 15. Rd3 Nh6 16. Rad1 Ng4 17. Rf3 Qxe5 18. Nxf7 Qxh2+ 19. Kf1 Qh1+ 20. Ke2
Qxg2 21. Nxd8 Rxd8 22. Qd4 c5 23. Qxd7+ Kb8 24. Qxd8+ Ka7 25. Qxc7 Nh2 26. Qxc5+
{Black resigns} 1-0

[Event "Team 45 45 League T60"]
[Site "Internet Chess Club"]
[Date "2014.04.26"]
[Round "9"]
[White "kingphisch"]
[Black "Joeohio"]
[Result "1/2-1/2"]
[WhiteElo "1528"]
[BlackElo "1586"]
[Opening "Sicilian: closed, 2...Nc6"]
[ECO "B23"]
[Time "13:03:09"]
[TimeControl "2700+45"]

1. e4 c5 2. Nc3 Nc6 3. Nf3 d6 4. g3 g6 5. Bg2 Bg7 6. O-O Nf6 7. d3 O-O 8. Bf4
Nh5 9. Be3 Bg4 10. Qd2 Re8 11. Rab1 Nf6 12. Nd5 Nxd5 13. exd5 Bxf3 14. Bxf3 Ne5
15. Bg2 b5 16. c3 Qc7 17. Rfc1 Rec8 18. b3 a5 19. d4 Nd7 20. Qe2 c4 {Game drawn
by mutual agreement} 1/2-1/2

[Event "Team 45 45 League T60"]
[Site "Internet Chess Club"]
[Date "2014.04.27"]
[Round "9"]
[White "AdithJosh"]
[Black "Littlemon"]
[Result "0-1"]
[WhiteElo "1407"]
[BlackElo "1506"]
[Opening "Ruy Lopez: Berlin defense, Beverwijk variation"]
[ECO "C64"]
[Time "17:00:09"]
[TimeControl "2700+45"]

1. e4 e5 2. Nf3 Nc6 3. Bb5 Bc5 4. O-O Nf6 5. Re1 Nd4 6. Nxd4 Bxd4 7. Nc3 O-O 8.
d3 c6 9. Bc4 d6 10. Bg5 h6 11. Bh4 Qb6 12. Rb1 Bg4 13. Qd2 Kh7 14. Ne2 Bxe2 15.
Qxe2 Qd8 16. Qf3 Qe7 17. Qf5+ Kh8 18. c3 Bb6 19. Rbd1 Bd8 20. d4 exd4 21. e5
dxe5 22. Rxe5 Qc7 23. Rxd4 Nh7 24. Rd7 Qb6 25. Bxd8 Raxd8 26. Re8 Rdxe8 27. h3
Nf6 28. Bd3 Re6 29. Bc4 Re1+ 30. Kh2 Nxd7 31. Qxd7 Qxf2 32. Qg4 f5 33. Qg3 Qg1#
{White checkmated} 0-1

[Event "Team 45 45 League T60"]
[Site "Internet Chess Club"]
[Date "2014.04.27"]
[Round "9"]
[White "Nxs123"]
[Black "Jet1234"]
[Result "1-0"]
[WhiteElo "1623"]
[BlackElo "1397"]
[Opening "Sicilian: Alapin's variation (2.c3)"]
[ECO "B22"]
[Time "18:16:41"]
[TimeControl "2700+45"]

1. e4 c5 2. c3 Nc6 3. Nf3 e5 4. Bc4 Be7 5. O-O Nf6 6. Re1 O-O 7. d4 cxd4 8. cxd4
exd4 9. Nxd4 Nxd4 10. Qxd4 Re8 11. Nc3 b6 12. Nd5 Bc5 13. Nxf6+ gxf6 14. Qd5 Rb8
15. Qxf7+ Kh8 16. Bf4 Rb7 17. Bd5 Rf8 18. Qh5 Bd4 19. Rab1 b5 20. Bxb7 Qb6 21.
Be3 Bxb7 22. Bxd4 Qxd4 23. Rbd1 Qb4 24. Rf1 Qxe4 25. Qh3 Rg8 26. f3 Qe3+ 27. Kh1
Qe2 28. Rg1 Qxb2 29. Rxd7 Rg7 30. Rxg7 Kxg7 31. Qd7+ Kg6 32. Qxb7 Qxa2 33. Qxb5
h5 34. Qb1+ Qxb1 35. Rxb1 a5 36. Ra1 h4 37. Rxa5 f5 38. g3 hxg3 39. hxg3 Kg5 40.
g4 Kf4 41. Rxf5+ Kg3 42. Rf8 Kf2 43. g5 Kf1 44. g6 Kf2 45. g7 Kf1 46. g8=Q Kf2
47. Re8 Kf1 48. Qg1# {Black checkmated} 1-0

[Event "Team 45 45 League T60"]
[Site "Internet Chess Club"]
[Date "2014.04.27"]
[Round "9"]
[White "sanjay2000"]
[Black "bluesun"]
[Result "1-0"]
[WhiteElo "1453"]
[BlackElo "1508"]
[Opening "Giuoco Piano"]
[ECO "C54"]
[Time "19:07:45"]
[TimeControl "2700+45"]

1. e4 e5 2. Nf3 Nc6 3. Bc4 Bc5 4. c3 Nf6 5. d4 exd4 6. cxd4 Bb4+ 7. Bd2 O-O 8.
e5 Re8 9. O-O Ne4 10. Bxb4 Nxb4 11. Bxf7+ Kxf7 12. Qb3+ Re6 13. Qxb4 Rg6 14. d5
Ng5 15. Nh4 Rh6 16. Nf5 Rg6 17. f4 c5 18. Qc4 b5 19. Qxc5 Ne4 20. Qb4 Qb6+ 21.
Kh1 Nc5 22. Rc1 d6 23. Nxd6+ Rxd6 24. Rxc5 Rg6 25. e6+ Ke8 26. Nc3 a6 27. Rc1
Rb8 28. f5 Rg5 29. Ne4 a5 30. Qxb5+ Qxb5 31. Rxc8+ Rxc8 32. Rxc8+ Ke7 33. d6#
{Black checkmated} 1-0

[Event "Team 45 45 League T60"]
[Site "Internet Chess Club"]
[Date "2014.04.27"]
[Round "9"]
[White "MasterD"]
[Black "chesschessboy"]
[Result "1-0"]
[WhiteElo "1287"]
[BlackElo "1406"]
[Opening "Bishop's opening: Berlin defense"]
[ECO "C24"]
[Time "10:30:45"]
[TimeControl "2700+45"]

1. e4 e5 2. Bc4 Nf6 3. d3 Bc5 4. Nc3 Nc6 5. f4 d6 6. f5 Qe7 7. Nf3 g6 8. fxg6
fxg6 9. Na4 Bb6 10. Nxb6 axb6 11. a3 Bg4 12. c3 O-O-O 13. Bg5 Qg7 14. O-O Rdf8
15. h3 Bd7 16. Qe2 h6 17. Be3 g5 18. Nh2 h5 19. b4 g4 20. h4 g3 21. Nf3 Ne7 22.
Bg5 Nh7 23. Qe3 Bg4 24. Bh6 Qg6 25. Bxf8 Rxf8 26. Ng5 Rd8 27. Nxh7 Qxh7 28. Rf7
Qg6 29. Rxe7 Rf8 30. Qg5 Qxg5 31. hxg5 Kd8 32. Rg7 {Black resigns} 1-0